 Dungeon Crawl Stone Soup version 0.30-a0-1160-g6e42c06551 (webtiles) character file.

Game seed: 17688237267933529304

196 jasper the Conjurer (level 5, -6/28 HPs)
             Began as a Deep Elf Conjurer on Apr 25, 2023.
             Mangled by a hornet (7 damage)
             ... on level 4 of the Dungeon.
             The game lasted 00:03:50 (4274 turns).

jasper the Conjurer (Deep Elf Conjurer)             Turns: 4274, Time: 00:03:50

Health: -6/28      AC:  4    Str:  4    XL:     5   Next: 45%
Magic:  9/13       EV: 12    Int: 25    God:
Gold:   214        SH:  0    Dex: 13    Spells: 2/13 levels left

rFire   . . .        c - +0 halberd
rCold   . . .        (shield currently unavailable)
rNeg    . . .        a - +1 robe
rPois   .            (no helmet)
rElec   .            (no cloak)
rCorr   .            m - +0 pair of gloves
SInv    .            (no boots)
Will    .....        (no amulet)
Stlth   ++           (no ring)
HPRegen 0.24/turn    (no ring)
MPRegen 0.13/turn

%: no passive effects
@: lethally poisoned (-6 -> -14), slowed, very slow
A: no striking features
a: no special abilities


You were on level 4 of the Dungeon.
You visited 1 branch of the dungeon, and saw 4 of its levels.

You collected 214 gold pieces.

Inventory:

Hand Weapons
 c - a +0 halberd (weapon)
 h - a +0 short sword
 j - a +0 rapier
 s - a +0 dagger of venom
Missiles
 e - 10 poisoned darts
 k - a throwing net
Armour
 a - a +1 robe (worn)
 m - a +0 pair of gloves (worn)
Scrolls
 l - a scroll of fear {unknown}
Potions
 b - a potion of magic
 d - 2 potions of degeneration
 f - a potion of flight
 g - a potion of might {unknown}
 n - 3 potions of mutation {unknown}
 r - 3 potions of heal wounds {unknown}
 t - 2 potions of attraction {unknown}
 u - a potion of cancellation {unknown}


   Skills:
 - Level 2.4 Dodging
 - Level 2.4 Stealth
 - Level 4.6 Spellcasting
 + Level 5.9 Conjurations
 + Level 2.4 Hexes
 + Level 2.1 Translocations


You had 2 spell levels left.
You knew the following spells:

 Your Spells              Type           Power      Damage    Failure   Level
a - Magic Dart            Conj           100%       1d8       1%          1
b - Searing Ray           Conj           70%        2d7       1%          2
c - Fulminant Prism       Conj/Hex       13%        3d9       16%         4
d - Iskenderun's Mystic   Conj/Tloc      25%        2d7       16%         4

Your spell library contained the following spells:

 Spells                   Type           Power      Damage    Failure   Level
 Foxfire                  Conj/Fire      80%        2x1d8     2%          1
 Lesser Beckoning         Tloc           32%        N/A       5%          2
 Dazzling Flash           Conj/Hex       52%        N/A       4%          3
 Volatile Blastmotes      Fire/Tloc      22%        2d11      17%         3
 Arcjolt                  Conj/Air       10%        1d20      56%         5
 Lee's Rapid Deconstruct  Erth           2%         3d5*      94%         5


Dungeon Overview and Level Annotations

Branches:
Dungeon (4/15)
 Temple: D:4-7

Altars:
Gozag
Uskayaw

Annotations:
D:2 1 runed translucent door, Crazy Yiuf


Message History

(Press . to maintain the ray.)
You now have 10/13 mp.
A hornet comes into view.
The hornet buzzes angrily.
MP restored: 13
Casting: Searing Ray (safe; 1% risk of failure)
Confirm with . or Enter, or press ? or * to list all spells.
The spell is extremely dangerous to miscast (16% risk of failure)!
Continue anyway?
Okay, then.
The hornet attacks as you move away! The hornet barely misses you.
The hornet stings you.
You suddenly lose the ability to move!
The hornet stings you!
Ouch! That really hurt!
* * * LOW HITPOINT WARNING * * *
You feel yourself slow down. The hornet barely misses you.
The hornet stings you.
* * * LOW HITPOINT WARNING * * *
You are lethally poisoned!
You feel as though you will be slow longer.
You can move again.
You take 23 damage, and have 5/28 hp.
MASSIVE DAMAGE!!
You feel better. The hornet barely misses you. The hornet stings you!
* * * LOW HITPOINT WARNING * * *
You are lethally poisoned!
You feel as though you will be slow longer.
Okay, then.
Okay, then.
Okay, then.
Casting: Iskenderun's Mystic Blast (extremely dangerous; 16% risk of failure)
Confirm with . or Enter, or press ? or * to list all spells.
The spell is extremely dangerous to miscast (16% risk of failure)!
Continue anyway?
You erupt in a blast of force!
The mystic blast hits the hornet.
The hornet is lightly wounded.
The hornet is knocked back by the mystic blast.
The hornet slams into the rock wall!
The hornet is moderately wounded.
* * * LOW HITPOINT WARNING * * *
You feel very sick. The hornet stings you!
You die...

#.### #.# #.# #.#
###############.###
##.......##......... #..##
#.#####.## ###############.y#
##..).....#
..............##@#####.#........#
.............##..##.#.##.........
.#.......#...#..##.#.#.#.........
.†.#####.#.<##.##.######.#####.#.
#..#####.#####..##.#.#.#..####.#.
#.........(..##.......)..........
##.########.#.###########.######.
##.# #.#.# #....#....###.
...########.#.######.#..####..##.


You could see a hornet.

Vanquished Creatures
  A scorpion (D:4)
  An iguana (D:4)
  A gnoll (D:2)
  3 adders
  3 worms
  2 dart slugs
  4 orcs
  5 bats
  6 endoplasms
  2 giant cockroaches
  11 goblins
  3 hobgoblins
  A quokka (D:4)
  6 ball pythons
  4 frilled lizards
  4 kobolds
  7 rats
64 creatures vanquished.

Notes
Turn   | Place    | Note
-------+----------+-------------------------------------------
     0 | D:1      | jasper the Deep Elf Conjurer began the quest for the Orb.
     0 | D:1      | Reached XP level 1. HP: 10/10 MP: 6/6
   168 | D:1      | Reached XP level 2. HP: 15/15 MP: 6/8
   209 | D:1      | Learned a level 2 spell: Searing Ray
   902 | D:2      | Reached skill level 5 in Conjurations
   902 | D:2      | Reached XP level 3. HP: 13/19 MP: 1/10
  1213 | D:2      | Found a runed translucent door.
  1214 | D:2      | Noticed Crazy Yiuf
  1371 | D:2      | Found a hide-covered altar of Uskayaw.
  1455 | D:2      | Found a faded altar of an unknown god.
  1599 | D:2      | Reached XP level 4. HP: 21/24 MP: 3/12
  1604 | D:2      | Learned a level 4 spell: Fulminant Prism
  1676 | D:2      | Learned a level 4 spell: Iskenderun's Mystic Blast
  2732 | D:3      | Got the Spellbook of Liminal Energy
  3241 | D:4      | Reached skill level 1 in Hexes
  3241 | D:4      | Reached skill level 1 in Translocations
  3386 | D:4      | Noticed a scorpion
  3393 | D:4      | Killed a scorpion
  3394 | D:4      | Reached XP level 5. HP: 28/28 MP: 5/13
  4113 | D:4      | Found an opulent altar of Gozag.
  4268 | D:4      | Noticed a hornet
  4270 | D:4      | Paralysed by a hornet for 3 turns
  4274 | D:4      | HP: 1/28 [poisoned by a hornet]
  4274 | D:4      | Mangled by a hornet

Illustrated notes

Levels and vault maps discovered:
D:1:      dpeg_arrival_tiny_j, layout_loops_ring
D:2:      layout_loops_ring, basic_ecumenical_altar, basic_altar,
          kennysheep_potato, uniq_crazy_yiuf_cottage
D:3:      layout_basic
D:4:      layout_basic, nicolae_gozag_seed_capital, minmay_small_thing

Skill      XL: |  1  2  3  4  5 |
---------------+----------------+-----
Spellcasting   | 4 |  4.6
Conjurations   | 5 |  5.9
Hexes          | 2 |  2.4
Translocations | 1 2 |  2.1
Dodging        | |  2.4
Stealth        | |  2.4

Action                     |  1- 3 |  4- 6 || total
---------------------------+-------+-------++-------
  Melee: Halberd           |     2 |       ||     2
   Cast: Magic Dart        |    46 |    52 ||    98
         Searing Ray       |     6 |     9 ||    15
         Iskenderun's Myst |       |     1 ||     1
    Use: Scroll            |     2 |    10 ||    12
         Potion            |       |     1 ||     1
 Armour: Robe              |     2 |       ||     2
  Dodge: Dodged            |     5 |     3 ||     8

Table legend: (Time is in decaauts)
 A = Elapsed time spent in this place.
 B = Non-inter-level travel time spent in this place.
 C = Inter-level travel time spent in this place.
 D = Time resting spent in this place.
 E = Time spent auto-exploring this place.
 F = Levels seen in this place.
 G = Mean time per level.
                   A        B        C        D        E       F      G
               +--------+--------+--------+--------+--------+-----+--------+
         Total |   4273 |   4106 |    167 |     29 |   3745 |   4 | 1068.2 |
       Dungeon |   4273 |   4106 |    167 |     29 |   3745 |   4 | 1068.2 |
               +--------+--------+--------+--------+--------+-----+--------+

Top non-repeatable levels by time:
     D:4: 1210 daAuts
     D:2: 1182 daAuts
     D:3: 986 daAuts
     D:1: 894 daAuts
